[Event "Titled Tuesday Blitz February 07 Early 2023"]
[White "So, Wesley"]
[Black "Bruzon Batista, Lazaro"]
[WhiteFideId "5202213"]
[BlackFideId "3503739"]
[WhiteElo "2760"]
[BlackElo "2611"]
[Result "1-0"]
[Round "07"]
[TimeControl "180+2"]
[Date "2023.02.07"]
[WhiteClock "0:00:33"]
[BlackClock "0:00:03"]

1. d4 Nf6 2. c4 e6 3. Nc3 d5 4. Bg5 Be7 5. Rc1 h6 6. Bh4 O-O 7. e3 Nbd7 8. cxd5 exd5 9. Bd3 c6 10. Nf3 Ne4 11. Bxe7 Qxe7 12. O-O Ndf6 13. Ne5 Bf5 14. Qc2 Rfe8 15. a3 Nxc3 16. bxc3 Bxd3 17. Nxd3 Ne4 18. a4 b6 19. Rfd1 Nd6 20. Nb2 Rac8 21. c4 dxc4 22. Nxc4 Nxc4 23. Qxc4 c5 24. Qa6 Rc7 25. dxc5 bxc5 26. h3 g6 27. Rd5 Rb8 28. Qc4 Rb4 29. Qd3 Rb8 30. a5 h5 31. Rc4 Rbc8 32. g3 Qf6 33. Kg2 Qa6 34. Qc3 Qb7 35. e4 Qb5 36. g4 hxg4 37. hxg4 Qc6 38. f3 Qe6 39. Rcxc5 Rxc5 40. Rxc5 Qa2+ 41. Kg3 Rxc5 42. Qxc5 Qe2 43. Qxa7 Qe1+ 44. Kg2 Qd2+ 45. Kh3 Qf4 46. Qf2 Qd6 47. Qa2 Qf4 48. Kg2 1-0


[Site "https://www.chess.com"]

[Event "Titled Tuesday Blitz February 07 Early 2023"]
[White "Guseinov, Gadir"]
[Black "Daneshvar, Bardiya"]
[WhiteFideId "13401378"]
[BlackFideId "12576468"]
[WhiteElo "2661"]
[BlackElo "2540"]
[Result "0-1"]
[Round "07"]
[TimeControl "180+2"]
[Date "2023.02.07"]
[WhiteClock "0:00:02"]
[BlackClock "0:00:08"]

1. e4 c6 2. d4 d5 3. Nd2 dxe4 4. Nxe4 Bf5 5. Ng3 Bg6 6. h4 h6 7. Nf3 Nd7 8. h5 Bh7 9. Bd3 Bxd3 10. Qxd3 Ngf6 11. Bd2 e6 12. O-O-O Be7 13. Ne4 O-O 14. Nxf6+ Nxf6 15. g4 Nxg4 16. Rhg1 Nxf2 17. Qe2 Nxd1 18. Bxh6 Bf6 19. Bxg7 Bxg7 20. h6 Qf6 21. hxg7 Qf4+ 22. Nd2 Rfd8 23. Qh5 f5 24. Qg6 Qc7 25. Qxe6+ Qf7 26. Qh6 Qxa2 27. Qh8+ Kf7 28. Qh5+ Ke7 29. Qxd1 Kd7 30. Qh5 Qd5 31. Qg5 Kc7 32. c3 Rg8 33. Qe7+ Qd7 34. Qe5+ Qd6 35. Qxf5 Rae8 36. Ne4 Qh6+ 37. Kb1 Rxg7 38. Rxg7+ Qxg7 39. Nf6 Re1+ 40. Kc2 Qg2+ 41. Kb3 Re2 42. Qf4+ Kc8 43. Qf5+ Kb8 0-1


[Site "https://www.chess.com"]

[Event "Titled Tuesday Blitz February 07 Early 2023"]
[White "Gokerkan, Cem Kaan"]
[Black "Keymer, Vincent"]
[WhiteFideId "6336760"]
[BlackFideId "12940690"]
[WhiteElo "2500"]
[BlackElo "2700"]
[Result "0-1"]
[Round "07"]
[TimeControl "180+2"]
[Date "2023.02.07"]
[WhiteClock "0:01:30"]
[BlackClock "0:01:33"]

1. e4 c6 2. d3 d5 3. Nd2 e5 4. Ngf3 Bd6 5. g3 Nf6 6. Bg2 O-O 7. O-O Re8 8. Re1 Nbd7 9. c3 a5 10. a4 h6 11. Qc2 Nf8 12. d4 Ng6 13. dxe5 Nxe5 14. Nxe5 Rxe5 15. f4 Qb6+ 16. Kh1 Ng4 17. Re2 Rh5 18. Bf3 Nf2+ 19. Kg1 Nxe4+ 20. Kf1 Bh3+ 21. Ke1 Qg1+ 0-1


[Site "https://www.chess.com"]

[Event "Titled Tuesday Blitz February 07 Early 2023"]
[White "Rakhmanov, Aleksandr"]
[Black "Timofeev, Artyom"]
[WhiteFideId "4173708"]
[BlackFideId "4140419"]
[WhiteElo "2632"]
[BlackElo "2567"]
[Result "1-0"]
[Round "07"]
[TimeControl "180+2"]
[Date "2023.02.07"]
[WhiteClock "0:00:10"]
[BlackClock "0:00:04"]

1. Nf3 c5 2. g3 Nc6 3. Bg2 e5 4. e4 g6 5. O-O Bg7 6. c3 Nge7 7. Na3 O-O 8. d4 cxd4 9. cxd4 exd4 10. Nb5 d5 11. exd5 Nxd5 12. Nbxd4 Ndb4 13. Be3 Bg4 14. Nxc6 Nxc6 15. Qb3 Qe7 16. Rac1 Rac8 17. Bc5 Qe6 18. Qxe6 Bxe6 19. Bxf8 Rxf8 20. b3 h6 21. Rfd1 a5 22. h3 a4 23. bxa4 Ra8 24. Rb1 Rxa4 25. Rxb7 Rxa2 26. Rc7 Ne5 27. Rd8+ Kh7 28. Nd4 Ra1+ 29. Kh2 Ra6 30. Nxe6 Rxe6 31. f4 Bf6 32. Rd1 1-0


[Site "https://www.chess.com"]

[Event "Titled Tuesday Blitz February 07 Early 2023"]
[White "Sjugirov, Sanan"]
[Black "Yuan, Qingyu"]
[WhiteFideId "4189302"]
[BlackFideId "8609772"]
[WhiteElo "2712"]
[BlackElo "2373"]
[Result "1-0"]
[Round "07"]
[TimeControl "180+2"]
[Date "2023.02.07"]
[WhiteClock "0:01:15"]
[BlackClock "0:00:32"]

1. d4 d5 2. c4 e6 3. Nf3 Nf6 4. Nc3 Be7 5. Bg5 h6 6. Bh4 O-O 7. e3 Nbd7 8. c5 c6 9. Bd3 e5 10. dxe5 Ne8 11. Bg3 Nxc5 12. Bc2 a5 13. Nd4 Nc7 14. O-O Re8 15. f4 Bd7 16. Qh5 b5 17. Nf5 Bf8 18. Bh4 Qc8 19. Rf3 b4 20. Nxh6+ gxh6 21. Rg3+ Kh8 22. Bf6+ Bg7 23. Qxh6+ 1-0


[Site "https://www.chess.com"]

[Event "Titled Tuesday Blitz February 07 Early 2023"]
[White "Ahmadzada, Ahmad"]
[Black "Korobov, Anton"]
[WhiteFideId "13413007"]
[BlackFideId "14105730"]
[WhiteElo "2488"]
[BlackElo "2664"]
[Result "0-1"]
[Round "07"]
[TimeControl "180+2"]
[Date "2023.02.07"]
[WhiteClock "0:00:05"]
[BlackClock "0:00:26"]

1. Nf3 Nf6 2. g3 e6 3. Bg2 d5 4. O-O Nbd7 5. b3 b6 6. c4 Bb7 7. Bb2 Be7 8. e3 O-O 9. Qe2 c5 10. d3 Rc8 11. Nc3 Qc7 12. Rad1 Rfd8 13. Ne1 a6 14. f4 d4 15. exd4 cxd4 16. Ne4 Nc5 17. Nxf6+ Bxf6 18. Bxb7 Qxb7 19. g4 b5 20. g5 Be7 21. b4 Na4 22. c5 Qd5 23. Ba1 a5 24. a3 Qb3 25. Nc2 axb4 26. axb4 Nc3 27. Bxc3 dxc3 28. Rb1 Qd5 29. d4 Qf5 30. Rf3 Ra8 31. Rbf1 h6 32. gxh6 Bf6 33. Rxc3 Rxd4 34. Qg2 Rad8 35. Rg3 Rd2 36. Rxg7+ Kh8 37. Rf2 Rd1+ 38. Rf1 Rxf1+ 39. Kxf1 Rd1+ 40. Ne1 Qxf4+ 41. Qf2 Qxf2+ 42. Kxf2 Bxg7 43. hxg7+ Kxg7 44. Ke2 Rc1 45. Nd3 Rc4 0-1


[Site "https://www.chess.com"]

[Event "Titled Tuesday Blitz February 07 Early 2023"]
[White "Avinash, Ramesh"]
[Black "Bachmann, Axel"]
[WhiteFideId "45018340"]
[BlackFideId "3700488"]
[WhiteElo "2319"]
[BlackElo "2604"]
[Result "1-0"]
[Round "07"]
[TimeControl "180+2"]
[Date "2023.02.07"]
[WhiteClock "0:00:10"]
[BlackClock "0:00:06"]

1. e4 e5 2. Nf3 Nf6 3. Nxe5 d6 4. Nd3 Nxe4 5. Qe2 Qe7 6. Nf4 c6 7. h4 d5 8. d3 Nf6 9. Nc3 Na6 10. Bd2 Qxe2+ 11. Bxe2 Bd6 12. O-O-O O-O 13. d4 Nc7 14. Nd3 Ne4 15. Nxe4 dxe4 16. Nf4 Re8 17. Be3 Nd5 18. Nxd5 cxd5 19. Kb1 Be6 20. h5 f5 21. g3 Rf8 22. h6 g6 23. Bf4 Bxf4 24. gxf4 Rac8 25. c3 Kf7 26. Kc2 Kf6 27. Kd2 Rc6 28. Ke3 b5 29. Bxb5 Rb6 30. a4 a6 31. Be2 Rxb2 32. Bxa6 Bd7 33. Rb1 Rfb8 34. Bb5 Rxb1 35. Rxb1 Ke7 36. Kd2 Kd6 37. Rb4 Be6 38. a5 Ra8 39. a6 Kc7 40. Be2 Bc8 41. Ra4 Kb6 42. c4 dxc4 43. Bxc4 Bd7 44. Ra1 Rc8 45. Rb1+ Ka5 46. Be2 Ba4 47. Rc1 Rb8 48. Rc5+ Kb6 49. Re5 Rc8 50. Re6+ Ka7 51. d5 Rc2+ 52. Ke3 Rc3+ 53. Kd4 Rc2 54. Re7+ Ka8 55. Bf1 Rxf2 56. Rxh7 Rxf1 57. Rg7 Rd1+ 58. Ke3 Re1+ 59. Kf2 Rh1 60. h7 Bb3 61. Rg8+ Ka7 62. h8=Q Rxh8 63. Rxh8 Bxd5 64. Rh6 Kxa6 65. Rxg6+ Kb5 66. Rf6 Kc4 67. Ke3 Kc5 68. Rxf5 Kd6 69. Re5 Bb7 70. Rh5 Ke6 71. Rb5 Ba8 72. Kd4 Kf6 73. Ra5 Bb7 74. Ra7 Bc8 75. Kxe4 Bf5+ 76. Ke3 Bb1 77. Ra6+ Kf5 78. Ra5+ Kf6 79. Rb5 Ba2 80. Ke4 Kf7 81. Rb6 Ke7 82. Ke5 Kf7 83. f5 Bc4 84. Rb7+ Kf8 85. Rc7 Ba2 86. Kf6 Ke8 87. Ra7 Bd5 88. Kg7 1-0


[Site "https://www.chess.com"]

[Event "Titled Tuesday Blitz February 07 Early 2023"]
[White "Jones, Gawain C B"]
[Black "Kilic, Eray"]
[WhiteFideId "409561"]
[BlackFideId "44517173"]
[WhiteElo "2618"]
[BlackElo "2414"]
[Result "1/2-1/2"]
[Round "07"]
[TimeControl "180+2"]
[Date "2023.02.07"]
[WhiteClock "0:00:07"]
[BlackClock "0:00:06"]

1. Nf3 Nf6 2. g3 g6 3. b3 Bg7 4. Bb2 O-O 5. Bg2 d5 6. c4 Nc6 7. cxd5 Nxd5 8. Bxg7 Kxg7 9. Nc3 Nb6 10. d4 Bg4 11. d5 Bxf3 12. Bxf3 Ne5 13. Qd4 Qd6 14. Bg2 Qf6 15. Rd1 Ned7 16. Nb5 Qxd4 17. Rxd4 a6 18. Nxc7 Rac8 19. d6 exd6 20. Nd5 Nxd5 21. Bxd5 Rc1+ 22. Kd2 Rc7 23. Rc1 Rfc8 24. Rxc7 Rxc7 25. Bg2 Nc5 26. Rxd6 a5 27. Rd5 a4 28. b4 Ne6 29. Ra5 Rd7+ 30. Ke3 Nd4 31. Rd5 Nc2+ 32. Kd2 Rxd5+ 33. Bxd5 Nxb4 34. Bc4 b5 35. Bxb5 Nxa2 36. Bxa4 Nb4 37. e4 Kf6 38. Kc3 Na6 39. Kd4 Nc7 40. e5+ Ke7 41. Bb3 Nb5+ 42. Ke3 Nc7 43. Kf4 h6 44. h4 Ne8 45. h5 g5+ 46. Ke4 Ng7 47. g4 f6 48. exf6+ Kxf6 49. Ba2 Ne8 50. Kd5 Ke7 51. Ke5 Nd6 52. Bb3 Nb5 53. Bc4 Nc3 54. Kf5 Nd1 55. Be2 Nxf2 56. Kg6 Ne4 57. Kxh6 Kf6 58. Bd3 Nf2 59. Bf5 Nd1 60. Kh7 Ne3 61. Kg8 Nd5 62. h6 Ne7+ 63. Kf8 Ng6+ 64. Kg8 Ne7+ 65. Kh7 Nc6 66. Be4 Ne7 67. Kh8 Kf7 68. Bf5 Kf8 69. Be4 Kf7 70. Kh7 Kf6 71. Bb1 Kf7 72. Ba2+ Kf6 73. Bb3 Nc6 74. Kg8 Ne7+ 75. Kf8 Ng6+ 76. Ke8 Nh8 77. Bc2 Nf7 78. h7 Kg7 79. h8=Q+ Nxh8 80. Ke7 Nf7 81. Ke6 Nh6 82. Bd1 Kg6 83. Ke5 Kg7 84. Be2 Kg6 85. Bf3 Kg7 86. Be2 Kg6 87. Bd3+ Kg7 88. Bf5 Nxg4+ 89. Bxg4 Kg6 90. Ke6 Kg7 91. Kf5 Kf7 92. Kxg5 1/2-1/2


[Site "https://www.chess.com"]

[Event "Titled Tuesday Blitz February 07 Early 2023"]
[White "Samunenkov, Ihor"]
[Black "Orozbaev, Eldiar"]
[WhiteFideId "14187086"]
[BlackFideId "13802240"]
[WhiteElo "2501"]
[BlackElo "2235"]
[Result "1/2-1/2"]
[Round "07"]
[TimeControl "180+2"]
[Date "2023.02.07"]
[WhiteClock "0:00:05"]
[BlackClock "0:00:06"]

1. d4 d5 2. c4 dxc4 3. Nf3 Nf6 4. e3 e6 5. Bxc4 a6 6. O-O c5 7. Be2 Nc6 8. dxc5 Qxd1 9. Rxd1 Bxc5 10. a3 O-O 11. b4 Be7 12. Nc3 b5 13. Nd2 Bb7 14. Bf3 Rfd8 15. Bb2 Rab8 16. Nb3 Rxd1+ 17. Rxd1 Ne5 18. Bxb7 Rxb7 19. Na5 Rb8 20. Nxb5 Rxb5 21. Bxe5 Rxe5 22. Nc6 Re4 23. Nxe7+ Kf8 24. Nc6 Rc4 25. Nb8 Rc3 26. Ra1 a5 27. bxa5 Rc8 28. Rb1 Rc3 29. a6 Rxa3 30. g3 Nd5 31. Rb7 Ne7 32. a7 Ke8 33. Nd7 Nc8 34. Nb6 Nxb6 35. Rxb6 Rxa7 36. Kg2 Ke7 37. h4 Rd7 38. h5 h6 39. g4 Kf6 40. Kg3 Rd1 41. f4 Re1 42. Rb3 Rf1 43. Rc3 Rg1+ 44. Kf3 Rf1+ 45. Kg2 Ra1 46. e4 Ra2+ 47. Kf3 Ra7 48. e5+ Ke7 49. Rc4 Ra3+ 50. Kg2 Ra2+ 51. Kg3 Ra3+ 52. Kh4 Ra7 53. Rb4 Rc7 54. g5 Rc1 55. Rb7+ Kf8 56. Rb8+ Ke7 57. Rg8 Rh1+ 58. Kg4 Rg1+ 59. Kh3 Rh1+ 60. Kg2 Rxh5 61. Rxg7 hxg5 62. Rxg5 Rh4 63. Kf3 Rh8 64. Ke4 Ra8 65. Rg2 Ra4+ 66. Kf3 Ra3+ 67. Ke4 Ra4+ 68. Kf3 Ra7 69. Ke4 Ra3 70. Rd2 Ra4+ 71. Ke3 1/2-1/2


[Site "https://www.chess.com"]

[Event "Titled Tuesday Blitz February 07 Early 2023"]
[White "Zemlyanskii, Ivan"]
[Black "Zhigalko, Sergei"]
[WhiteFideId "24249971"]
[BlackFideId "13502956"]
[WhiteElo "2300"]
[BlackElo "2572"]
[Result "1-0"]
[Round "07"]
[TimeControl "180+2"]
[Date "2023.02.07"]
[WhiteClock "0:00:12"]
[BlackClock "0:00:01"]

1. d4 Nf6 2. c4 e6 3. Bf4 b6 4. Nc3 Bb4 5. Qc2 Bb7 6. e3 O-O 7. Ne2 Re8 8. a3 Bf8 9. e4 d5 10. cxd5 exd5 11. e5 Nfd7 12. Rd1 c5 13. dxc5 Nxe5 14. cxb6 Qxb6 15. Be3 Qf6 16. Nxd5 Bxd5 17. Rxd5 Nbc6 18. Nc3 Ng4 19. Be2 Rxe3 20. fxe3 Qf2+ 21. Kd2 Qxe3+ 22. Ke1 Qf2+ 23. Kd2 Ne3 24. Qe4 Nxd5 25. Nxd5 Rd8 26. Kc1 Nd4 27. Bc4 Rc8 28. Qd3 Ne6 29. Kb1 Qxg2 30. Rf1 Qxh2 31. Qf5 Re8 32. Qxf7+ Kh8 33. Qxe8 1-0


[Site "https://www.chess.com"]

[Event "Titled Tuesday Blitz February 07 Early 2023"]
[White "Beerdsen, Thomas"]
[Black "Perez Ponsa, Federico"]
[WhiteFideId "1030108"]
[BlackFideId "117927"]
[WhiteElo "2507"]
[BlackElo "2532"]
[Result "0-1"]
[Round "07"]
[TimeControl "180+2"]
[Date "2023.02.07"]
[WhiteClock "0:00:01"]
[BlackClock "0:00:13"]

1. e4 c5 2. Nf3 d6 3. d4 cxd4 4. Nxd4 Nf6 5. Nc3 a6 6. Bg5 Nbd7 7. Qe2 Qa5 8. Bd2 Qb6 9. Nb3 h5 10. O-O-O e6 11. h3 Qc7 12. a4 b6 13. Rg1 h4 14. g4 hxg3 15. Rxg3 Bb7 16. f4 Rc8 17. Kb1 Nxe4 18. Re3 d5 19. f5 exf5 20. Nd4 g6 21. Be1 Nf6 22. h4 Bg7 23. Bh3 Kf8 24. Nxe4 Nxe4 25. Bb4+ Kg8 26. Bxf5 Re8 27. Qg4 Bc8 28. Bxc8 Qxc8 29. Qg2 Rxh4 30. Ba3 Nd2+ 31. Rxd2 Rxe3 32. Nb3 d4 33. Ka2 Qc4 34. Qa8+ Kh7 35. a5 bxa5 36. Kb1 Re1+ 37. Nc1 Rhh1 38. b3 Qf1 39. Ka2 Rxc1 40. Bxc1 Qxc1 0-1


[Site "https://www.chess.com"]

[Event "Titled Tuesday Blitz February 07 Early 2023"]
[White "Assaubayeva, Bibisara"]
[Black "Pakleza, Zbigniew"]
[WhiteFideId "13708694"]
[BlackFideId "1119290"]
[WhiteElo "2464"]
[BlackElo "2494"]
[Result "1-0"]
[Round "07"]
[TimeControl "180+2"]
[Date "2023.02.07"]
[WhiteClock "0:00:22"]
[BlackClock "0:00:08"]

1. e4 d6 2. d4 Nf6 3. Nc3 c6 4. g3 b5 5. Bg2 e5 6. Nge2 Nbd7 7. a3 Be7 8. O-O Bb7 9. h3 a5 10. Be3 O-O 11. b4 Re8 12. Qd2 Nb6 13. dxe5 Nc4 14. exf6 Nxd2 15. fxe7 Qxe7 16. Bxd2 h6 17. Rad1 axb4 18. axb4 Red8 19. Nd4 Qf6 20. Nb3 Rac8 21. Rfe1 Qg6 22. Be3 Qf6 23. Rd3 c5 24. bxc5 dxc5 25. Rxd8+ Rxd8 26. Nd5 Bxd5 27. exd5 Qc3 28. Re2 c4 29. Nd4 b4 30. Nc6 Rd7 31. Bd4 Qa3 32. Re8+ Kh7 33. Be4+ f5 34. Bxf5+ g6 35. Rh8# 1-0


[Site "https://www.chess.com"]

[Event "Titled Tuesday Blitz February 07 Early 2023"]
[White "Lobanov, Sergei"]
[Black "Zahid, Sanatan"]
[WhiteFideId "24183750"]
[BlackFideId "10201963"]
[WhiteElo "2536"]
[BlackElo "1930"]
[Result "0-1"]
[Round "07"]
[TimeControl "180+2"]
[Date "2023.02.07"]
[WhiteClock "0:00:03"]
[BlackClock "0:01:24"]

1. e4 e6 2. d4 d5 3. Nc3 Nf6 4. e5 Nfd7 5. f4 c5 6. Nf3 Nc6 7. Be3 Qb6 8. a3 cxd4 9. Nxd4 Bc5 10. Na4 Qa5+ 11. b4 Qxa4 12. bxc5 Nxc5 13. Bb5 Qa5+ 14. Bd2 Qc7 15. Bb4 Ne4 16. c4 Bd7 17. O-O Nxb4 18. Bxd7+ Qxd7 19. axb4 dxc4 20. Kh1 O-O-O 21. Rxa7 Qxd4 22. Qxd4 Rxd4 23. Ra8+ Kd7 24. Rxh8 c3 25. Ra8 c2 26. Raa1 Nc3 27. Kg1 Rd1 28. Kf2 Rxa1 0-1


[Site "https://www.chess.com"]

[Event "Titled Tuesday Blitz February 07 Early 2023"]
[White "Senlle Caride, Miguel"]
[Black "Galchenko, Matvey"]
[WhiteFideId "2282500"]
[BlackFideId "24175480"]
[WhiteElo "2343"]
[BlackElo "2438"]
[Result "0-1"]
[Round "07"]
[TimeControl "180+2"]
[Date "2023.02.07"]
[WhiteClock "0:02:41"]
[BlackClock "0:02:44"]

1. e4 e6 2. d4 d5 3. e5 c5 4. c3 Qb6 5. Nf3 Nc6 6. Bd3 cxd4 7. O-O Bd7 8. Re1 Rc8 9. Nbd2 dxc3 10. bxc3 Bc5 11. Rb1 Qc7 0-1


[Site "https://www.chess.com"]

[Event "Titled Tuesday Blitz February 07 Early 2023"]
[White "Szpar, Milosz"]
[Black "Indjic, Aleksandar"]
[WhiteFideId "1184989"]
[BlackFideId "911925"]
[WhiteElo "2447"]
[BlackElo "2618"]
[Result "1-0"]
[Round "07"]
[TimeControl "180+2"]
[Date "2023.02.07"]
[WhiteClock "0:00:08"]
[BlackClock "0:00:05"]

1. e4 e5 2. Nf3 Nc6 3. Bb5 Nf6 4. d3 Bc5 5. c3 O-O 6. O-O d6 7. Nbd2 a6 8. Ba4 Ba7 9. h3 Ne7 10. Re1 Ng6 11. Nf1 c6 12. Ng3 h6 13. d4 Qc7 14. Be3 Re8 15. Bc2 c5 16. Qd2 cxd4 17. cxd4 Qe7 18. Nf5 Qf8 19. Qb4 exd4 20. Bxd4 Bc5 21. Bxc5 dxc5 22. Qb6 Re6 23. Qc7 Rc6 24. Qg3 Nh5 25. Qg4 Nf6 26. Qg3 Nh5 27. Qg4 Ngf4 28. g3 Rg6 29. Qh4 Bxf5 30. exf5 Rd6 31. gxf4 Nf6 32. Rad1 Rad8 33. Rxd6 Rxd6 34. Rd1 Rxd1+ 35. Bxd1 Qd6 36. Be2 Qd5 37. b3 Qe4 38. Kf1 Qb1+ 39. Ne1 Qxa2 40. Qg3 b5 41. Qe3 Qc2 42. Nxc2 1-0


[Site "https://www.chess.com"]

[Event "Titled Tuesday Blitz February 07 Early 2023"]
[White "Kollars, Dmitrij"]
[Black "Gabrielian, Artur"]
[WhiteFideId "12909572"]
[BlackFideId "4131002"]
[WhiteElo "2607"]
[BlackElo "2452"]
[Result "1-0"]
[Round "07"]
[TimeControl "180+2"]
[Date "2023.02.07"]
[WhiteClock "0:00:10"]
[BlackClock "0:00:02"]

1. e4 e5 2. Nf3 Nc6 3. Bc4 Bc5 4. c3 Nf6 5. d3 d6 6. O-O a5 7. Nbd2 O-O 8. h3 Ba7 9. Re1 Be6 10. Bb5 h6 11. Bxc6 bxc6 12. d4 exd4 13. cxd4 Re8 14. a4 Rb8 15. b3 Nh7 16. Bb2 Ng5 17. Bc3 Qf6 18. Rb1 Nxh3+ 19. gxh3 Bxh3 20. Kh2 Bg4 21. Re3 Qf4+ 22. Kh1 Re6 23. Qg1 Rxe4 24. Nxe4 Bxf3+ 25. Rxf3 Qxf3+ 26. Qg2 Qh5+ 27. Kg1 Qf5 28. d5 g5 29. Nf6+ Kf8 30. Re1 cxd5 31. Bxa5 Bd4 32. Ng4 Rxb3 33. Bxc7 h5 34. Bxd6+ Kg7 35. Be5+ Bxe5 36. Nxe5 h4 37. Qxd5 1-0


[Site "https://www.chess.com"]

[Event "Titled Tuesday Blitz February 07 Early 2023"]
[White "Kukhmazov, Arsen"]
[Black "Sychev, Klementy"]
[WhiteFideId "24108260"]
[BlackFideId "4114060"]
[WhiteElo "2512"]
[BlackElo "2547"]
[Result "1/2-1/2"]
[Round "07"]
[TimeControl "180+2"]
[Date "2023.02.07"]
[WhiteClock "0:00:30"]
[BlackClock "0:00:08"]

1. d4 g6 2. c4 Bg7 3. Nf3 d6 4. Nc3 Nc6 5. d5 Ne5 6. Nxe5 Bxe5 7. e4 e6 8. Bd3 exd5 9. exd5 Nf6 10. O-O O-O 11. h3 Nh5 12. Ne2 Qh4 13. f4 Bg7 14. Qe1 Qxe1 15. Rxe1 Re8 16. Kf2 Bf6 17. Rd1 Ng7 18. g4 h5 19. g5 Bd8 20. h4 Bf5 21. Ng3 c6 22. Be3 Bg4 23. Re1 Ba5 24. Ne4 Bxe1+ 25. Rxe1 Rxe4 26. Bxe4 c5 27. Bd2 Re8 28. Bc3 Nf5 29. Bxf5 Rxe1 30. Bxe1 Bxf5 31. Ke3 Bb1 32. a3 Ba2 33. Kd3 Bb1+ 34. Ke3 Ba2 35. Kd3 Bb1+ 36. Ke3 1/2-1/2


[Site "https://www.chess.com"]

[Event "Titled Tuesday Blitz February 07 Early 2023"]
[White "Talibov, Shiroghlan"]
[Black "Bok, Benjamin"]
[WhiteFideId "13429078"]
[BlackFideId "1017063"]
[WhiteElo "2359"]
[BlackElo "2607"]
[Result "1-0"]
[Round "07"]
[TimeControl "180+2"]
[Date "2023.02.07"]
[WhiteClock "0:00:49"]
[BlackClock "0:00:01"]

1. e4 c5 2. Nf3 d6 3. d4 cxd4 4. Nxd4 Nf6 5. Nc3 a6 6. Bc4 e6 7. Bb3 b5 8. Qf3 Qb6 9. Be3 Qb7 10. a3 Nbd7 11. O-O-O Nc5 12. Rhe1 Be7 13. Kb1 Bd7 14. Qg3 g6 15. f3 a5 16. Bg5 b4 17. Nd5 exd5 18. Bxf6 Bxf6 19. Bxd5 Qb8 20. Bxa8 bxa3 21. b3 Bxd4 22. Rxd4 Nxb3 23. Qxd6 Qxd6 24. Rxd6 Nc5 25. Bc6 Ke7 26. Rd5 Rb8+ 27. Ka1 Bxc6 28. Rxc5 Bd7 29. Rb1 Ra8 30. Rb7 Ke6 31. Ka2 f6 32. Kxa3 a4 33. Rcc7 Be8 34. Re7+ Kd6 35. Rxh7 Rc8 36. Rh8 Rd8 37. c4 Ke5 38. Re7+ Kd4 1-0


[Site "https://www.chess.com"]

[Event "Titled Tuesday Blitz February 07 Early 2023"]
[White "Chigaev, Maksim"]
[Black "Vaishali, Rameshbabu"]
[WhiteFideId "4108116"]
[BlackFideId "5091756"]
[WhiteElo "2628"]
[BlackElo "2418"]
[Result "1-0"]
[Round "07"]
[TimeControl "180+2"]
[Date "2023.02.07"]
[WhiteClock "0:00:36"]
[BlackClock "0:00:03"]

1. e4 c5 2. Nf3 e6 3. g3 d5 4. exd5 exd5 5. d4 Nc6 6. Bg2 cxd4 7. O-O Bc5 8. Nbd2 Bb6 9. Nb3 Bg4 10. Qd3 Bxf3 11. Qxf3 Nge7 12. Re1 O-O 13. a3 a5 14. Bd2 Qd7 15. Nc1 Rad8 16. Nd3 Qf5 17. b4 Qxf3 18. Bxf3 Nf5 19. Kg2 a4 20. Bf4 h6 21. h4 Na7 22. Re5 Nd6 23. Rxd5 Nc4 24. Rxd8 Rxd8 25. Bxb7 Nb5 26. Ba6 Ncxa3 27. Bxb5 Nxb5 28. Rxa4 Nc3 29. Ra6 Nd5 30. Rxb6 Nxb6 31. Bc7 Rc8 32. Bxb6 Rxc2 33. Kf3 Rd2 34. Ke4 f5+ 35. Kxd4 Kf7 36. b5 Ke6 37. Kc4 Rc2+ 38. Kd4 g5 39. hxg5 hxg5 40. Bd8 f4 41. Bxg5 fxg3 42. fxg3 Kf5 43. Bf4 Rc8 44. b6 Rd8+ 45. Kc4 Ke4 46. Nc5+ Kf3 47. b7 1-0


[Site "https://www.chess.com"]

[Event "Titled Tuesday Blitz February 07 Early 2023"]
[White "Urazayev, Arystanbek"]
[Black "Wagh Suyog"]
[WhiteFideId "13709810"]
[BlackFideId "25071688"]
[WhiteElo "2460"]
[BlackElo "2313"]
[Result "1-0"]
[Round "07"]
[TimeControl "180+2"]
[Date "2023.02.07"]
[WhiteClock "0:01:22"]
[BlackClock "0:01:05"]

1. e4 e5 2. Nf3 Nc6 3. Bb5 a6 4. Ba4 Nf6 5. O-O Be7 6. d3 b5 7. Bb3 d6 8. a4 Bd7 9. Bd2 O-O 10. h3 Nd4 11. Nxd4 exd4 12. f4 Be6 13. Bxe6 fxe6 14. c3 c5 15. cxd4 cxd4 16. axb5 axb5 17. Rxa8 Qxa8 18. Qb3 d5 19. e5 Nd7 20. Bb4 Bxb4 21. Qxb4 Qc6 22. Na3 Nc5 23. Rc1 Nxd3 24. Qxf8+ Kxf8 25. Rxc6 b4 26. Nc2 b3 27. Nxd4 Nxb2 28. Nxe6+ Ke7 29. Nd4 Nd3 30. Nxb3 Nxf4 31. Nd4 g5 32. Rc7+ Kf8 33. Rxh7 Ng6 34. e6 1-0


[Site "https://www.chess.com"]

[Event "Titled Tuesday Blitz February 07 Early 2023"]
[White "Ter-Sahakyan, Samvel"]
[Black "Harshavardhan G B"]
[WhiteFideId "13302531"]
[BlackFideId "25059009"]
[WhiteElo "2617"]
[BlackElo "2408"]
[Result "1-0"]
[Round "07"]
[TimeControl "180+2"]
[Date "2023.02.07"]
[WhiteClock "0:00:44"]
[BlackClock "0:00:02"]

1. d4 Nf6 2. c4 e6 3. Nf3 b6 4. g3 Ba6 5. b3 b5 6. Qc2 bxc4 7. bxc4 Nc6 8. Bg2 Nb4 9. Qa4 Bxc4 10. a3 Bb5 11. Qb3 Bxe2 12. axb4 Bb5 13. Nc3 Qb8 14. Ne5 c6 15. Ra5 Bd6 16. Nxb5 Bxe5 17. dxe5 Qxe5+ 18. Be3 O-O 19. Nc3 d5 20. O-O Qh5 21. h3 a6 22. Na4 e5 23. Nc5 d4 24. Bd2 Rfc8 25. Re1 h6 26. g4 Nxg4 27. hxg4 Qxg4 28. Qf3 Qxf3 29. Bxf3 f6 30. Rxa6 Rxa6 31. Nxa6 Kf7 32. Rc1 f5 33. Bxc6 Rd8 34. b5 e4 35. b6 1-0


[Site "https://www.chess.com"]

[Event "Titled Tuesday Blitz February 07 Early 2023"]
[White "Remizov, Yaroslav"]
[Black "Nguyen, Quoc Hy"]
[WhiteFideId "34134015"]
[BlackFideId "12410853"]
[WhiteElo "2421"]
[BlackElo "2352"]
[Result "1-0"]
[Round "07"]
[TimeControl "180+2"]
[Date "2023.02.07"]
[WhiteClock "0:00:31"]
[BlackClock "0:00:11"]

1. e4 c5 2. Nc3 a6 3. g3 b5 4. Bg2 Bb7 5. d3 e6 6. Nh3 Nf6 7. O-O Be7 8. e5 Bxg2 9. Kxg2 Nd5 10. Nxd5 exd5 11. Qf3 Nc6 12. Qxd5 Nb4 13. Qb3 O-O 14. Be3 d6 15. exd6 Qxd6 16. Nf4 Rab8 17. a3 Qc6+ 18. Kg1 c4 19. Qc3 Nd5 20. Nxd5 Qxd5 21. dxc4 bxc4 22. Rfd1 Qc6 23. Bd4 f6 24. b4 Rfd8 25. Bc5 Bxc5 26. Qxc4+ Kh8 27. Qxc5 Qxc5 28. bxc5 Kg8 29. c6 Rdc8 30. Rd6 Rb6 31. Rc1 Rbxc6 32. Rxc6 Rxc6 33. c4 Kf7 34. Kf1 Ke6 35. Ke2 Kd6 36. Kd3 Kc5 37. Kc3 Re6 38. Rd1 Re2 39. Rd5+ Kc6 40. Rf5 Ra2 41. Kb3 Re2 42. h4 Kd6 43. Kb4 Rc2 44. h5 Ke6 45. g4 g6 46. hxg6 hxg6 47. Rf3 Ke5 48. Kc5 Rb2 49. Re3+ Kf4 50. Re6 Kg5 51. f4+ Kxf4 52. Rxf6+ Kg5 53. Rxa6 Rg2 54. Kd6 Rxg4 55. c5 Rd4+ 56. Kc7 Kf4 57. c6 g5 58. Kb7 1-0


[Site "https://www.chess.com"]

[Event "Titled Tuesday Blitz February 07 Early 2023"]
[White "Ohanyan, Emin"]
[Black "Malek, Jan"]
[WhiteFideId "13312022"]
[BlackFideId "21864080"]
[WhiteElo "2444"]
[BlackElo "2370"]
[Result "0-1"]
[Round "07"]
[TimeControl "180+2"]
[Date "2023.02.07"]
[WhiteClock "0:00:02"]
[BlackClock "0:01:42"]

1. e4 c5 2. Nf3 Nc6 3. d4 cxd4 4. Nxd4 g6 5. Nc3 Bg7 6. Be3 Nf6 7. Nxc6 bxc6 8. e5 Ng8 9. Bd4 Nh6 10. e6 O-O 11. Bxg7 Kxg7 12. Qd4+ f6 13. exd7 Qxd7 14. Qxd7 Bxd7 15. O-O-O Rfd8 16. Ba6 Nf7 17. Rhe1 e5 18. Ne4 Bf5 19. Nd6 Nxd6 20. f4 e4 21. Rd4 Nf7 22. Rc4 Rab8 23. Rxc6 Rb6 24. Rxb6 axb6 25. Be2 h5 26. g3 Nh6 27. a4 Ng4 28. Bxg4 hxg4 29. b3 Kf7 30. Re2 Ke6 31. Kb2 Rd1 32. c4 Kd6 33. Kc3 Kc5 34. b4+ Kc6 35. a5 Rd3+ 36. Kb2 bxa5 37. bxa5 Kc5 38. Re1 Rd6 39. Kc3 Ra6 40. Rd1 Be6 41. Ra1 Bxc4 42. Ra4 Bd5 43. Kd2 Kb5 44. Rd4 Bc6 45. Rd6 f5 46. Rxg6 Rxa5 47. Rf6 Ra2+ 48. Ke3 Ra3+ 49. Ke2 Kc5 50. Rxf5+ Kd4 51. Rg5 Ra2+ 52. Kd1 e3 53. Re5 Bf3+ 54. Kc1 e2 0-1


[Site "https://www.chess.com"]